MID
SOUTH BEND CUBS @ HAGERSTOWN SUNS
07/17/2047
 
TOP OF THE 1ST
South Bend Cubs batting - Pitching for Hagerstown Suns : LHP Peni Keli'i
Pitching: LHP Peni Keli'i
Batting: RHB Du Kim 0-0: Ball
1-0: Swinging Strike
1-1: Ball
2-1: Swinging Strike
2-2: Foul Ball, location: 2F
2-2: Strikes out swinging
Batting: LHB Sumiki Okuhara 0-0: Ball
1-0: Ground out 5-3 (Groundball, 56, EV 95.6 MPH)
Batting: LHB Alex Ramos 0-0: Called Strike
0-1: Fly out, F8 (Flyball, 8RM, EV 85.6 MPH)
Top of the 1st over - 0 runs, 0 hits, 0 errors, 0 left on base; South Bend 0 - Hagerstown 0
BOTTOM OF THE 1ST
Hagerstown Suns batting - Pitching for South Bend Cubs : LHP Matt Tomlinson
Pitching: LHP Matt Tomlinson
Batting: RHB Bobby Bricker 0-0: SINGLE (Groundball, 6MS, EV 66.9 MPH) (infield hit)
Batting: RHB Leo Gutierrez 0-0: Ball
1-0: DOUBLE (Line Drive, 3D, EV 94.4 MPH)
Bobby Bricker to third
Batting: RHB Slavik Nebrodov 0-0: Called Strike
0-1: Foul Ball, location: 2F
0-2: Ball
1-2: Foul Ball, location: 2F
1-2: Fly out, F9 (Flyball, 9S, EV 95.6 MPH)
Batting: RHB Victor Cintron 0-0: Called Strike
0-1: Ball
1-1: Ground out 4-3 (Groundball, 4, EV 79.4 MPH)
Bobby Bricker scores
Leo Gutierrez to third
Batting: LHB Chance McWilliams 0-0: Called Strike
0-1: Ball
1-1: Fly out, F9 (Flyball, 9D, EV 93.1 MPH)
Bottom of the 1st over - 1 run, 2 hits, 0 errors, 1 left on base; South Bend 0 - Hagerstown 1
TOP OF THE 2ND
South Bend Cubs batting - Pitching for Hagerstown Suns : LHP Peni Keli'i
Batting: RHB Nick Beecher 0-0: Swinging Strike
0-1: Ball
1-1: Ball
2-1: Foul Ball, location: 2F
2-2: Ball
3-2: Ground out 6-3 (Groundball, 6, EV 108.8 MPH)
Batting: RHB Tim Long 0-0: Ball
1-0: Ball
2-0: Called Strike
2-1: Swinging Strike
2-2: SINGLE (Groundball, 56, EV 105.6 MPH)
Batting: RHB Sung-hwan Jung 0-0: Ball
1-0: Fly out, F7 (Flyball, 7, EV 84.4 MPH)
Batting: RHB Jerry Blas 0-0: Ball
1-0: Ball
2-0: Ball
3-0: Called Strike
3-1: Base on Balls
Tim Long to second
Batting: RHB Bartolo Aguilar 0-0: Called Strike
0-1: Ball
1-1: Ball
2-1: Foul Ball, location: 2F
2-2: Ball
3-2: SINGLE (Line Drive, 78M, EV 100.6 MPH)
Tim Long to third
Jerry Blas to second
Tim Long scores
Jerry Blas to third
Batting: RHB Victor Ramirez 0-0: Fly out, F9 (Flyball, 9LM, EV 94.4 MPH)
Top of the 2nd over - 1 run, 2 hits, 0 errors, 2 left on base; South Bend 1 - Hagerstown 1
BOTTOM OF THE 2ND
Hagerstown Suns batting - Pitching for South Bend Cubs : LHP Matt Tomlinson
Batting: RHB Derek Moran 0-0: Swinging Strike
0-1: Foul Ball, location: 2F
0-2: Strikes out looking
Batting: LHB Vince McLane 0-0: Foul Ball, location: 2F
0-1: Called Strike
0-2: Ground out 4-3 (Groundball, 34, EV 78.8 MPH)
Batting: RHB Seth Rutz 0-0: Called Strike
0-1: SINGLE (Line Drive, 6D, EV 100.0 MPH)
Batting: LHB Yasuo Igarashi 0-0: Ball
1-0: Called Strike
1-1: Swinging Strike
1-2: Strikes out swinging
Bottom of the 2nd over - 0 runs, 1 hit, 0 errors, 1 left on base; South Bend 1 - Hagerstown 1
TOP OF THE 3RD
South Bend Cubs batting - Pitching for Hagerstown Suns : LHP Peni Keli'i
Batting: RHB Du Kim 0-0: Ball
1-0: Foul Ball, location: 2F
1-1: Called Strike
1-2: Strikes out swinging
Batting: LHB Sumiki Okuhara 0-0: Ball
1-0: Ball
2-0: Called Strike
2-1: Called Strike
2-2: Foul Ball, location: 2F
2-2: Strikes out swinging
Batting: LHB Alex Ramos 0-0: Foul Ball, location: 2F
0-1: Foul Ball, location: 2F
0-2: Foul Ball, location: 2F
0-2: Fly out, F9 (Flyball, 89M, EV 85.0 MPH)
Top of the 3rd over - 0 runs, 0 hits, 0 errors, 0 left on base; South Bend 1 - Hagerstown 1
BOTTOM OF THE 3RD
Hagerstown Suns batting - Pitching for South Bend Cubs : LHP Matt Tomlinson
Batting: RHB Bobby Bricker 0-0: Ball
1-0: Ball
2-0: TRIPLE (Flyball, 7D, EV 102.5 MPH)
Batting: RHB Leo Gutierrez 0-0: Called Strike
0-1: Fly out, F9 (Line Drive, 9D, EV 89.4 MPH)
Runner from 3rd tags up, SCORES, throw by RF
Batting: RHB Slavik Nebrodov 0-0: SINGLE (Groundball, 6S, EV 73.1 MPH) (infield hit)
Batting: RHB Victor Cintron 0-0: Called Strike
0-1: Ball
Wild Pitch!
Slavik Nebrodov to second
1-1: Called Strike
1-2: Ball
2-2: SINGLE (Groundball, 34D, EV 101.9 MPH)
Slavik Nebrodov to third
Batting: LHB Chance McWilliams 0-0: Swinging Strike
0-1: Ball
Wild Pitch!
Slavik Nebrodov scores
Victor Cintron to second
1-1: Ball
Victor Cintron steals 3rd base
2-1: Ball
3-1: Base on Balls
Batting: RHB Derek Moran 0-0: Ball
1-0: Ball
2-0: Fly out, F8 (Line Drive, 78M, EV 88.1 MPH)
Batting: LHB Vince McLane 0-0: SINGLE (Line Drive, 34D, EV 102.5 MPH)
Victor Cintron scores
Chance McWilliams to second
Batting: RHB Seth Rutz 0-0: Foul Ball, location: 2F
0-1: Ball
Wild Pitch!
Chance McWilliams to third
Vince McLane to second
1-1: Ball
2-1: Called Strike
2-2: Fly out, F8 (Line Drive, 8RM, EV 90.6 MPH)
Bottom of the 3rd over - 3 runs, 4 hits, 0 errors, 2 left on base; South Bend 1 - Hagerstown 4
TOP OF THE 4TH
South Bend Cubs batting - Pitching for Hagerstown Suns : LHP Peni Keli'i
Batting: RHB Nick Beecher 0-0: Ground out 5-3 (Groundball, 56D, EV 80.0 MPH)
Batting: RHB Tim Long 0-0: Foul Ball, location: 2F
0-1: Swinging Strike
0-2: Ball
1-2: Ball
2-2: Foul Ball, location: 2F
2-2: Foul Ball, location: 2F
2-2: Strikes out swinging
Batting: RHB Sung-hwan Jung 0-0: Foul Ball, location: 2F
0-1: Ball
1-1: Swinging Strike
1-2: SINGLE (Groundball, 34D, EV 110.6 MPH)
Batting: RHB Jerry Blas 0-0: Ball
1-0: Ball
2-0: Swinging Strike
2-1: Ball
3-1: Foul Ball, location: 2F
3-2: DOUBLE (Line Drive, 89D, EV 104.4 MPH)
Sung-hwan Jung to third
Sung-hwan Jung scores
Batting: RHB Bartolo Aguilar 0-0: Ball
1-0: Ball
2-0: Ball
3-0: Called Strike
3-1: Base on Balls
Batting: RHB Victor Ramirez 0-0: Called Strike
0-1: Foul Ball, location: 2F
0-2: Ball
1-2: Foul Ball, location: 2F
1-2: Fly out, F7 (Flyball, 7LS, EV 85.0 MPH)
Top of the 4th over - 1 run, 2 hits, 0 errors, 2 left on base; South Bend 2 - Hagerstown 4
BOTTOM OF THE 4TH
Hagerstown Suns batting - Pitching for South Bend Cubs : LHP Matt Tomlinson
Batting: LHB Yasuo Igarashi 0-0: Hit by Pitch
Batting: RHB Bobby Bricker 0-0: Called Strike
0-1: Ball
1-1: Swinging Strike
1-2: Ball
2-2: Strikes out looking
Batting: RHB Leo Gutierrez 0-0: Ball
Wild Pitch!
Yasuo Igarashi to second
1-0: Ground out 4-3 (Groundball, 4, EV 85.6 MPH)
Yasuo Igarashi to third
Batting: RHB Slavik Nebrodov 0-0: Ball
1-0: Called Strike
1-1: Ball
2-1: Ball
3-1: Base on Balls
Batting: RHB Victor Cintron 0-0: Called Strike
0-1: Ball
1-1: SINGLE (Groundball, 6MD, EV 111.2 MPH)
Yasuo Igarashi scores
Slavik Nebrodov to second
Batting: LHB Chance McWilliams 0-0: Ball
1-0: Foul Ball, location: 2F
1-1: Ground out U3 (Groundball, 3L, EV 78.8 MPH)
Bottom of the 4th over - 1 run, 1 hit, 0 errors, 2 left on base; South Bend 2 - Hagerstown 5
TOP OF THE 5TH
South Bend Cubs batting - Pitching for Hagerstown Suns : LHP Peni Keli'i
Batting: RHB Du Kim 0-0: Ground out 5-3 (Groundball, 56S, EV 81.2 MPH)
Batting: LHB Sumiki Okuhara 0-0: Called Strike
0-1: Foul Ball, location: 2F
0-2: SINGLE (Groundball, 3D, EV 103.8 MPH)
Batting: LHB Alex Ramos 0-0: Ball
1-0: Foul Ball, location: 2F
1-1: Fly out, F9 (Flyball, 89M, EV 96.2 MPH)
Batting: RHB Nick Beecher 0-0: Ball
1-0: Fielders Choice at 2nd, 6-4 (Groundball, 6, EV 90.6 MPH)
Top of the 5th over - 0 runs, 1 hit, 0 errors, 1 left on base; South Bend 2 - Hagerstown 5
BOTTOM OF THE 5TH
Hagerstown Suns batting - Pitching for South Bend Cubs : LHP Matt Tomlinson
Pitching: RHP Carlos Zavala
Batting: RHB Derek Moran 0-0: Called Strike
0-1: Called Strike
0-2: Strikes out swinging
Batting: LHB Vince McLane 0-0: Ball
1-0: Ball
2-0: Called Strike
2-1: SINGLE (Line Drive, 78S, EV 90.6 MPH)
Batting: RHB Seth Rutz 0-0: Called Strike
Vince McLane steals 2nd base (no throw)
0-1: Swinging Strike
0-2: Foul Ball, location: 2F
0-2: Ball
1-2: Strikes out looking
Batting: LHB Yasuo Igarashi 0-0: Ball
1-0: SINGLE (Line Drive, 78S, EV 91.2 MPH)
Vince McLane to third
Runner from 3rd tries for Home, SAFE, throw by LF to home
Batting: RHB Bobby Bricker 0-0: Ball
Yasuo Igarashi steals 2nd base (no throw)
1-0: Swinging Strike
1-1: Called Strike
1-2: Ball
2-2: SINGLE (Line Drive, 9S, EV 91.2 MPH)
Yasuo Igarashi to third
Runner from 3rd tries for Home, SAFE, throw by RF to home
Pitching: LHP Alex Gandarilla
Batting: RHB Leo Gutierrez Pickoff Throw to First - Error! E1
Bobby Bricker to second
0-0: Called Strike
0-1: Ball
1-1: Ball
2-1: Ball
3-1: Called Strike
3-2: SINGLE (Groundball, 4MD, EV 102.5 MPH)
Bobby Bricker to third
Runner from 3rd tries for Home, throw by CF and OUT! 8-2
Bottom of the 5th over - 2 runs, 4 hits, 1 error, 1 left on base; South Bend 2 - Hagerstown 7
TOP OF THE 6TH
South Bend Cubs batting - Pitching for Hagerstown Suns : LHP Peni Keli'i
Pitching: RHP Tim Schultz
Batting: RHB Tim Long 0-0: Ball
1-0: Foul Ball, location: 2F
1-1: Ball
2-1: Fly out, F7 (Line Drive, 7LS, EV 108.1 MPH)
Batting: RHB Sung-hwan Jung 0-0: SINGLE (Groundball, 4D, EV 103.8 MPH)
Batting: RHB Jerry Blas 0-0: Ball
Sung-hwan Jung steals 2nd base
1-0: DOUBLE (Line Drive, 9LM, EV 107.5 MPH)
Sung-hwan Jung scores
Batting: RHB Bartolo Aguilar 0-0: Ball
1-0: Ball
2-0: Called Strike
2-1: Ball
3-1: Fly out, F9 (Flyball, 9, EV 85.6 MPH)
Batting: RHB Victor Ramirez 0-0: Ground out 4-3 (Groundball, 34, EV 88.8 MPH)
Top of the 6th over - 1 run, 2 hits, 0 errors, 1 left on base; South Bend 3 - Hagerstown 7
BOTTOM OF THE 6TH
Hagerstown Suns batting - Pitching for South Bend Cubs : LHP Alex Gandarilla
Batting: RHB Slavik Nebrodov 0-0: Called Strike
0-1: Swinging Strike
0-2: Strikes out looking
Batting: RHB Victor Cintron 0-0: Foul Ball, location: 2F
0-1: Foul Ball, location: 2F
0-2: Ball
1-2: Ball
2-2: Foul Ball, location: 2F
2-2: Foul Ball, location: 2F
2-2: Ball
3-2: Foul Ball, location: 2F
3-2: Strikes out swinging
Pitching: RHP Jean-Paul Lefebvre
Batting: LHB Chance McWilliams 0-0: Ball
1-0: Ground out U3 (Groundball, 3, EV 86.2 MPH)
Bottom of the 6th over - 0 runs, 0 hits, 0 errors, 0 left on base; South Bend 3 - Hagerstown 7
TOP OF THE 7TH
South Bend Cubs batting - Pitching for Hagerstown Suns : RHP Tim Schultz
Batting: RHB Du Kim 0-0: Ball
1-0: Swinging Strike
1-1: Foul Ball, location: 2F
1-2: Ball
2-2: Foul Ball, location: 2F
2-2: Ball
3-2: TRIPLE (Flyball, 78XD, EV 107.5 MPH)
Batting: LHB Sumiki Okuhara 0-0: Called Strike
0-1: Swinging Strike
0-2: Strikes out swinging
Batting: LHB Alex Ramos 0-0: Called Strike
0-1: SINGLE (Line Drive, 9S, EV 98.8 MPH)
Du Kim scores
Batting: RHB Nick Beecher 0-0: Ball
1-0: Ball
2-0: Called Strike
2-1: Swinging Strike
2-2: Ball
3-2: Strikes out swinging
Alex Ramos steals 2nd, throwing error, E2
Alex Ramos to third
Pitching: RHP Jordan Amaker
Batting: RHB Tim Long 0-0: Ball
1-0: Called Strike
1-1: Foul Ball, location: 2F
1-2: Foul Ball, location: 2F
1-2: Ball
2-2: Foul Ball, location: 2F
2-2: Ball
3-2: Strikes out looking
Top of the 7th over - 1 run, 2 hits, 1 error, 1 left on base; South Bend 4 - Hagerstown 7
BOTTOM OF THE 7TH
Hagerstown Suns batting - Pitching for South Bend Cubs : RHP Jean-Paul Lefebvre
Batting: RHB Derek Moran 0-0: Swinging Strike
0-1: SINGLE (Groundball, 5S, EV 69.4 MPH) (infield hit)
Batting: LHB Vince McLane 0-0: Ball
Derek Moran steals 2nd base
1-0: Intentional Walk
Batting: RHB Seth Rutz 0-0: Ball
1-0: Foul Ball, location: 2F
1-1: Ball
2-1: Foul Ball, location: 2F
2-2: Ball
3-2: Foul Ball, location: 2F
3-2: Foul Ball, location: 2F
3-2: Base on Balls
Derek Moran to third
Vince McLane to second
Batting: LHB Yasuo Igarashi 0-0: Ball
1-0: Called Strike
1-1: Ball
2-1: Called Strike
2-2: Ball
3-2: Base on Balls
Derek Moran scores
Vince McLane to third
Seth Rutz to second
Pitching: LHP Joey Lowe
Batting: RHB Bobby Bricker 0-0: Called Strike
0-1: Swinging Strike
0-2: Ball
1-2: Ball
2-2: Strikes out swinging
Batting: RHB Leo Gutierrez 0-0: Called Strike
0-1: Called Strike
0-2: Ball
1-2: Ball
Wild Pitch!
Vince McLane scores
Seth Rutz to third
Yasuo Igarashi to second
2-2: Foul Ball, location: 2F
2-2: Ground out U3 (Groundball, 34, EV 103.8 MPH)
Seth Rutz scores
Yasuo Igarashi to third
Batting: RHB Slavik Nebrodov 0-0: Ball
1-0: Called Strike
1-1: Foul Ball, location: 2F
1-2: Foul Ball, location: 2F
1-2: Fly out, F7 (Line Drive, 7S, EV 95.0 MPH)
Bottom of the 7th over - 3 runs, 1 hit, 0 errors, 1 left on base; South Bend 4 - Hagerstown 10
TOP OF THE 8TH
South Bend Cubs batting - Pitching for Hagerstown Suns : RHP Jordan Amaker
Batting: RHB Sung-hwan Jung 0-0: Foul Ball, location: 2F
0-1: Ball
1-1: Foul Ball, location: 2F
1-2: Strikes out swinging
Batting: RHB Jerry Blas 0-0: Foul Ball, location: 2F
0-1: Fly out, F9 (Flyball, 9D, EV 98.1 MPH)
Batting: RHB Bartolo Aguilar 0-0: Foul Ball, location: 2F
0-1: Ball
1-1: Fly out, F8 (Flyball, 8RXD, EV 100.0 MPH)
Top of the 8th over - 0 runs, 0 hits, 0 errors, 0 left on base; South Bend 4 - Hagerstown 10
BOTTOM OF THE 8TH
Hagerstown Suns batting - Pitching for South Bend Cubs : LHP Joey Lowe
Batting: RHB Victor Cintron 0-0: Ball
1-0: Called Strike
1-1: Foul Ball, location: 2F
1-2: Foul Ball, location: 2F
1-2: Foul Ball, location: 2F
1-2: Strikes out swinging
Pitching: RHP Josh Mott
Batting: LHB Chance McWilliams 0-0: Called Strike
0-1: SINGLE (Groundball, 4D, EV 100.6 MPH)
Batting: RHB Derek Moran 0-0: Foul Ball, location: 2F
0-1: Called Strike
0-2: Ball
1-2: Ball
2-2: Ball
3-2: SINGLE (Line Drive, 6MD, EV 94.4 MPH)
Chance McWilliams to second
Batting: LHB Vince McLane 0-0: Called Strike
0-1: SINGLE (Groundball, 4MD, EV 103.8 MPH)
Chance McWilliams to third
Derek Moran to second
Runner from 3rd tries for Home, SAFE, throw by CF to home
Batting: RHB Seth Rutz 0-0: Ball
1-0: Swinging Strike
1-1: SINGLE (Line Drive, 4M, EV 98.8 MPH)
Derek Moran to third
Vince McLane to second
Batting: LHB Yasuo Igarashi 0-0: Ball
1-0: Ball
2-0: Foul Ball, location: 2F
2-1: Foul Ball, location: 2F
2-2: DOUBLE (Flyball, 89D, EV 107.5 MPH)
Derek Moran scores
Vince McLane scores
Seth Rutz to third
Pitching: RHP Josh Deyo
Batting: RHB Bobby Bricker 0-0: Called Strike
0-1: Swinging Strike
0-2: DOUBLE (Groundball, 3L, EV 97.5 MPH)
Seth Rutz scores
Yasuo Igarashi scores
Batting: RHB Leo Gutierrez 0-0: Ball
1-0: Ball
2-0: SINGLE (Line Drive, 6D, EV 97.5 MPH)
Bobby Bricker to third
Batting: RHB Slavik Nebrodov 0-0: Called Strike
0-1: Foul Ball, location: 2F
0-2: Strikes out swinging
Batting: RHB Victor Cintron 0-0: Called Strike
0-1: DOUBLE (Line Drive, 3D, EV 94.4 MPH)
Bobby Bricker scores
Leo Gutierrez to third
Runner from 3rd tries for Home, SAFE, no throw by RF
Batting: LHB Chance McWilliams 0-0: Foul Ball, location: 2F
0-1: Ball
1-1: Ball
2-1: Foul Ball, location: 2F
2-2: Reached on error, E7 (Flyball, 7, EV 75.6 MPH)
Victor Cintron scores
Batting: RHB Derek Moran 0-0: Ball
1-0: Called Strike
1-1: Called Strike
1-2: Ground out 3-1 (Groundball, 34, EV 88.1 MPH)
Bottom of the 8th over - 8 runs, 8 hits, 1 error, 1 left on base; South Bend 4 - Hagerstown 18
TOP OF THE 9TH
South Bend Cubs batting - Pitching for Hagerstown Suns : RHP Jordan Amaker
Batting: RHB Victor Ramirez 0-0: Ball
1-0: Ball
2-0: Foul Ball, location: 2F
2-1: Foul Ball, location: 2F
2-2: Ball
3-2: Strikes out swinging
Batting: RHB Du Kim 0-0: Called Strike
0-1: Ball
1-1: Called Strike
1-2: Strikes out swinging
Batting: LHB Sumiki Okuhara 0-0: Foul Ball, location: 2F
0-1: Ball
1-1: Ball
2-1: Swinging Strike
2-2: Strikes out swinging
Top of the 9th over - 0 runs, 0 hits, 0 errors, 0 left on base; South Bend 4 - Hagerstown 18
Thursday, December 15th , 2022 - OOTP Baseball 23.9 Build 102